 Dungeon Crawl Stone Soup version 0.21-a0-95-g06f091e (webtiles) character file.

252 grindst0ne the Changer (level 6, -7/64 HPs)
             Began as a Merfolk Transmuter on July 4, 2017.
             Mangled by Menkaure (11 damage)
             ... on level 3 of the Dungeon.
             The game lasted 00:13:20 (3765 turns).

grindst0ne the Changer (Merfolk Transmuter)         Turns: 3765, Time: 00:13:20

Health: -7/64      AC: 23    Str: 12    XL:     6   Next: 14%
Magic:  9/9        EV:  2    Int: 12    God:
Gold:   109        SH:  0    Dex: 15    Spells: 3/9 levels left

rFire    . . .     SeeInvis .     - Unarmed
rCold    . . .     Gourm    .   (no shield)
rNeg     + + +     Faith    .   (armour currently unavailable)
rPois    +         Spirit   .   (helmet currently unavailable)
rElec    .         Reflect  .   (cloak currently unavailable)
rCorr    .         Harm     .   (gloves currently unavailable)
MR       .....     NoTele   +   (boots currently unavailable)
Stlth    +.........             p - amulet of inaccuracy (curse)
HPRegen  0.20/turn              g - ring of teleportation (curse)
MPRegen  0.11/turn              k - +2 ring of slaying

@: tree-form, very slightly contaminated, invisible
A: (change form in water), (swift swim), (stealthy swim)
a: no special abilities


You were on level 3 of the Dungeon.
You were not hungry.
You were a tree.
You visited 1 branch of the dungeon, and saw 4 of its levels.

You collected 109 gold pieces.

Inventory:

Missiles
 a - 95 arrows
 q - a throwing net (quivered)
Armour
 b - a +1 robe (melded)
 i - a +0 helmet (melded)
 t - a +0 leather armour
Jewellery
 g - a cursed ring of teleportation (left branch)
 k - a +2 ring of slaying (right branch)
 p - a cursed amulet of inaccuracy (around neck)
Scrolls
 o - a scroll of fear
Potions
 h - a potion of invisibility
 l - a potion of magic
Books
 c - a book of Changes

   Spells                             Type                      Level
   a - Beastly Appendage              Transmutation                1
   b - Sticks to Snakes               Transmutation                2
   c - Spider Form                    Transmutation/Poison         3
   d - Ice Form                       Ice/Transmutation            4
   e - Blade Hands                    Transmutation                5
 s - a book of Maledictions

   Spells                             Type                      Level
   a - Corona                         Hexes                        1
   b - Ensorcelled Hibernation        Hexes/Ice                    2
   c - Confuse                        Hexes                        3
   d - Tukima's Dance                 Hexes                        3
   e - Dazzling Spray                 Conjuration/Hexes            3
Comestibles
 d - 4 bread rations
 f - a meat ration
 j - 8 fruits
 n - a royal jelly
 r - a chunk of flesh


   Skills:
 - Level 1.1 Fighting
 - Level 2.6 Dodging
 + Level 5.0 Unarmed Combat
 - Level 2.0 Spellcasting
 * Level 6.8 Transmutations


You had 3 spell levels left.
You knew the following spells:

 Your Spells              Type           Power        Failure   Level  Hunger
a - Beastly Appendage     Tmut           ###...       1%          1    ##.....
b - Sticks to Snakes      Tmut           ###.....     2%          2    ###....
c - Spider Form           Tmut/Pois      #.........   21%         3    ####...


Dungeon Overview and Level Annotations

Branches:
Dungeon (4/15)
 Temple: D:4-7

Altars:

Annotations:
D:3 Menkaure


Message History

You fade into invisibility!
Menkaure misses you.
You are very lightly contaminated with residual magic.
Okay, then.
You barely miss Menkaure.
Menkaure is heavily damaged.
It was a potion of magic.
Magic courses through your body.
Menkaure casts a spell.
Menkaure seems to speed up.
It was a potion of flight.
You feel very buoyant.
You fly up into the air.
Menkaure hits you.
* * * LOW HITPOINT WARNING * * *
It was a potion of lignification.
Your transformation has ended.
Your +0 helmet unmelds from your body.
Your +1 robe unmelds from your body.
You turn into a tree.
Your +0 helmet melds into your body.
Your +1 robe melds into your body.
Your roots penetrate the ground.
Menkaure hits you but does no damage. Menkaure hits you!
You die...

.............# #.#
.............###.#
..............##.#
..............##.#
.####.....###..#.#
.# #.###.####<#.#
.# #.# #....#)..#
## .# #.#
####.##..# #. .#
#.# #...M♣# #. .#
#.#### ####### #.
## #....# #.
####.# #. #.# #.
#.# #. #.###### #.
#......# ##
######.###


You could see Menkaure.

Vanquished Creatures
  An orc priest (D:3)
  Natasha (twice) (D:2)
  Terence (D:1)
  Robin (D:2)
  5 adders (D:3)
  3 worms
  3 dart slugs
  2 leopard geckos
  5 orcs (D:3)
  A giant cockroach (D:1)
  13 goblins
  6 hobgoblins
  8 kobolds
  2 ball pythons
  7 bats
  5 frilled lizards
  4 rats
69 creatures vanquished.

Vanquished Creatures (collateral kills)
  Natasha (D:2)
  A worm (D:2)
  A kobold (D:2)
  2 bats (D:2)
  A frilled lizard (D:1)
  2 goblins (D:2)
8 creatures vanquished.

Grand Total: 77 creatures vanquished

Notes
Turn   | Place    | Note
-------+----------+-------------------------------------------
     0 | D:1      | grindst0ne the Merfolk Transmuter began the quest for the Orb.
     0 | D:1      | Reached XP level 1. HP: 15/15 MP: 3/3
   258 | D:1      | Reached skill level 3 in Transmutations
   259 | D:1      | Reached XP level 2. HP: 13/21 MP: 3/5
  1164 | D:1      | Learned a level 2 spell: Sticks to Snakes
  1167 | D:2      | Noticed Terence
  1174 | D:2      | Found a faded altar of an unknown god.
  1175 | D:2      | Noticed Natasha
  1187 | D:2      | Noticed a crimson imp
  1329 | D:1      | Reached XP level 3. HP: 20/26 MP: 3/6
  1411 | D:1      | Learned a level 3 spell: Spider Form
  1420 | D:2      | Killed Natasha
  1429 | D:2      | Reached skill level 4 in Transmutations
  1784 | D:2      | Noticed Natasha
  1792 | D:2      | Killed Natasha
  1792 | D:2      | Reached XP level 4. HP: 32/32 MP: 0/7
  1915 | D:2      | Noticed Natasha
  1917 | D:2      | Killed Natasha
  1917 | D:2      | Reached skill level 5 in Transmutations
  1953 | D:2      | Noticed Robin
  2129 | D:1      | Killed Terence
  2129 | D:1      | Reached XP level 5. HP: 18/37 MP: 2/8
  2471 | D:2      | Killed Robin
  2996 | D:3      | Reached skill level 6 in Transmutations
  3095 | D:3      | Reached XP level 6. HP: 23/43 MP: 2/9
  3177 | D:3      | Reached skill level 5 in Unarmed Combat
  3752 | D:4      | Noticed Menkaure
  3765 | D:3      | Mangled by Menkaure

Vault maps used:
D:1:      minmay_arrival_up_and_down
D:2:      chequers_ecumenical_altar_simple, first_bread, uniq_terence,
          uniq_natasha, uniq_robin
D:4:      uniq_blork_the_orc, uniq_duvessa, uniq_menkaure

Skill      XL: |  1  2  3  4  5  6 |
---------------+-------------------+-----
Transmutations | 3 4 5 6 |  6.8
Unarmed Combat | 4 5 |  5.0
Fighting       | |  1.1
Dodging        | |  2.6
Spellcasting   | |  2.0

Action                   |  1- 3 |  4- 6 || total
-------------------------+-------+-------++-------
Melee: Unarmed           |   105 |    89 ||   194
       Headbutt          |     6 |       ||     6
       Punch             |     1 |     1 ||     2
 Cast: Beastly Appendage |    19 |       ||    19
       Sticks to Snakes  |     8 |     7 ||    15
       Spider Form       |     3 |    19 ||    22
  Use: Potion            |     1 |     8 ||     9
       Scroll            |     1 |     5 ||     6
 Stab: Sleeping          |     1 |     3 ||     4
  Eat: Chunk             |     4 |    11 ||    15
Armor: Robe              |    30 |     7 ||    37
       Skin              |       |     5 ||     5
Dodge: Dodged            |    85 |    90 ||   175
